 Dungeon Crawl Stone Soup version 0.30.1-9-gdf580d7c3d (webtiles) character file.

Game seed: 17648007163088041102

62 Kranky the Shield-Bearer (level 3, -6/26 HPs)
             Began as a Demonspawn Wanderer on Oct 23, 2023.
             Mangled by Terence
             ... wielding a +0 morningstar
              (15 damage)
             ... on level 2 of the Dungeon.
             The game lasted 00:02:18 (916 turns).

Kranky the Shield-Bearer (Demonspawn Wanderer)       Turns: 916, Time: 00:02:19

Health: -6/26      AC:  3    Str: 10    XL:     3   Next: 85%
Magic:  4/4        EV: 12    Int: 10    God:
Gold:   73         SH:  8    Dex: 25    Spells: 3/4 levels left

rFire   . . .        f - +0 sling
rCold   . . .        e - +2 buckler
rNeg    . . .        d - +0 robe
rPois   .            (no helmet)
rElec   .            b - +0 cloak
rCorr   .            (no gloves)
SInv    .            (no boots)
Will    .....        (no amulet)
Stlth   ++           h - +6 ring of dexterity
HPRegen 0.24/turn    (no ring)
MPRegen 0.09/turn

%: no passive effects
@: no status effects
A: foul stench 1
a: no special abilities


You were on level 2 of the Dungeon.
You visited 1 branch of the dungeon, and saw 3 of its levels.

You collected 73 gold pieces.

Inventory:

Hand Weapons
 a - a +0 dagger
 f - a +0 sling (weapon)
 n - a +2 dagger of protection
Armour
 b - a +0 cloak (worn)
 d - a +0 robe (worn)
 e - a +2 buckler (worn)
Jewellery
 h - a +6 ring of dexterity (left hand)
Scrolls
 i - 5 scrolls of identify {unknown}
 k - 2 scrolls of immolation {unknown}
 l - a scroll of teleportation {unknown}
 m - 3 scrolls of fear {unknown}
 o - a scroll of noise {unknown}
Potions
 c - a potion of heal wounds
 g - a potion of cancellation {unknown}
 j - 2 potions of curing {unknown}


   Skills:
 + Level 1.2 Fighting
 + Level 0.5 Ranged Weapons
 - Level 1.0 Throwing
 + Level 1.7 Armour
 + Level 1.2 Dodging
 - Level 1.1 Stealth
 + Level 3.9 Shields
 - Level 1.0 Spellcasting
 - Level 2.0 Hexes


You had 3 spell levels left.
You knew the following spells:

 Your Spells              Type           Power      Damage    Failure   Level
a - Slow                  Hex            16%        N/A       22%         1

Your spell library contained the following spells:

 Spells                   Type           Power      Damage    Failure   Level
 Confusing Touch          Hex            4%         N/A       54%         3


Dungeon Overview and Level Annotations

Branches:
Dungeon (3/15)

Altars:
Uskayaw

Annotations:
D:2 Terence


Innate Abilities, Weirdness & Mutations

You may rarely emit foul miasma when damaged in melee.


Message History

You shoot a sling bullet. The sling bullet hits the quokka.
The quokka is heavily wounded.
A quokka is nearby!
You shoot a sling bullet. The sling bullet hits the quokka.
You kill the quokka!
i - 5 scrolls labelled TUUDIY JEPPE (gained 1)
Found a stone staircase leading up.
No target in view!
An endoplasm comes into view.
You shoot a sling bullet. The sling bullet hits the endoplasm!
You kill the endoplasm!
Found a hide-covered altar of Uskayaw.
No target in view!
Found a stone staircase leading down.
No target in view!
There is a hide-covered altar of Uskayaw here.
You now have 73 gold pieces (gained 11).
Terence the Incautious comes into view.
He is wielding a +0 morningstar.
Terence shouts!
There is a stone staircase leading down here.
You shoot a sling bullet. The sling bullet barely misses Terence.
Terence hits you with a +0 morningstar.
Terence is nearby!
You shoot a sling bullet.
The sling bullet closely misses Terence.
Terence hits you with a +0 morningstar. Terence hits you with a +0 morningstar!
Terence is nearby!
You are too injured to fight recklessly!
Terence is nearby!
You are too injured to fight recklessly!
You are too injured to fight recklessly!
Terence is nearby!
You are too injured to fight recklessly!
Terence is nearby!
You are too injured to fight recklessly!
You are too injured to fight recklessly!
You are too injured to fight recklessly!
Terence attacks as you move away! Terence hits you with a +0 morningstar!
Ouch! That really hurt!
You die...

..........#.......###
##......#............
#...#.#######.#.####
##.##.####......### ######
#.............†.)..
.....#############.####.####.####
.###.#.......... #.####.# #.#
......#.#######@##.#....####.#
.###.###........@..........#.#
..##..#)#######.##.#.#####.#.#
#.##...## #. #.#.# #.†.####
..##.### #. #.#.# #....... #.##.#
#. #.#.#####...#.#. .....# #.
#.#.##.......... .....# #.
..#.##.......... #.#### ##
###.##.........# #.#
#.#####...#(##


You could see Terence.

Vanquished Creatures
  2 adders (D:2)
  A worm (D:2)
  2 dart slugs
  4 ball pythons (D:1)
  5 bats (D:1)
  5 endoplasms
  A giant cockroach (D:2)
  3 goblins (D:1)
  3 hobgoblins
  A quokka (D:2)
  3 frilled lizards (D:1)
  5 kobolds
  3 rats
38 creatures vanquished.

Notes
Turn   | Place    | Note
-------+----------+-------------------------------------------
     0 | D:1      | Kranky the Demonspawn Wanderer began the quest for the Orb.
     0 | D:1      | Kranky set off with the following items: a +0 dagger, a +0
                  | cloak, a potion of heal wounds, a +0 robe, a +2 buckler;
                  | and the following spell memorised: Slow; and the following
                  | spells available to memorise: Confusing Touch.
     0 | D:1      | Reached XP level 1. HP: 13/13 MP: 2/2
    77 | D:1      | Gained mutation: You may rarely emit foul miasma when
                  | damaged in melee. [demonic ancestry]
    77 | D:1      | Reached XP level 2. HP: 11/19 MP: 3/3
   553 | D:2      | Reached XP level 3. HP: 25/25 MP: 4/4
   580 | D:2      | Reached skill level 1 in Fighting
   580 | D:2      | Reached skill level 1 in Dodging
   620 | D:2      | You fall into a shaft and drop 1 floor!
   857 | D:2      | Found a hide-covered altar of Uskayaw.
   913 | D:2      | Noticed Terence
   916 | D:2      | Mangled by Terence

Illustrated notes

Levels and vault maps discovered:
D:1:      spicycebolla_arrival_ecumenical, layout_basic, minmay_hedge_maze
D:2:      layout_loops_ring, basic_altar, uniq_crazy_yiuf_cottage, uniq_terence
D:3:      layout_rooms, nicolae_overflow_squiral, uniq_ijyb

Skill      XL: |  1  2  3 |
---------------+----------+-----
Fighting       | 1 |  1.2
Dodging        | 1 |  1.2
Ranged Weapons | |  0.5
Throwing       | |  1.0
Armour         | |  1.7
Stealth        | |  1.1
Shields        | |  3.9
Spellcasting   | |  1.0
Hexes          | |  2.0

Action                     || total
---------------------------++-------
  Melee: Dagger            ||     3
   Fire: Sling             ||   108
 Armour: Robe              ||    25
  Dodge: Dodged            ||    52
  Block: Buckler           ||    22
